 Dungeon Crawl Stone Soup version 0.24.1-14-gf8d2b509d9 (webtiles) character file.

Game seed: 1441105606336896236, levelgen mode: deterministic

119 Descartes the Ducker (level 4, -3/20 HPs)
             Began as a Felid Skald on May 27, 2020.
             Killed from afar by Grinder (12 damage)
             ... with a puff of flame
             ... on level 3 of the Dungeon.
             The game lasted 00:08:07 (4112 turns).

Descartes the Ducker (Felid Skald)                  Turns: 4112, Time: 00:08:07

Health: -3/20      AC:  1    Str:  8    XL:     4   Next: 74%
Magic:  0/8        EV: 19    Int: 14    God:
Gold:   221        SH:  0    Dex: 16    Spells: 3/8 levels left
                                        Lives:  0   Deaths: 1

rFire    . . .     SeeInvis +     - Unarmed
rCold    . . .     Gourm    .   (shield unavailable)
rNeg     + . .     Faith    .   (armour unavailable)
rPois    .         Spirit   .   (helmet unavailable)
rElec    .         Reflect  .   (cloak unavailable)
rCorr    .         Harm     .   (gloves unavailable)
MR       +....                  (boots unavailable)
Stlth    +++.......             (no amulet)
HPRegen  0.06/turn              j - ring of positive energy
MPRegen  0.11/turn              (no ring)

@: shrouded (expiring), infused, very slightly contaminated, quick
A: very small, no armour, no weapons or thrown items, stealth, claws 1, fangs 3,
see invisible, carnivore, speed 1, magic resistance 1, shaggy fur 1, slow
metabolism 1, sharp paws
a: no special abilities


You were on level 3 of the Dungeon.
You were full.

You visited 1 branch of the dungeon, and saw 4 of its levels.

You collected 221 gold pieces.

Inventory:

Missiles
 a - 115 stones
 q - 15 arrows
Jewellery
 j - a ring of positive energy (left paw)
Wands
 s - a wand of iceblast (11)
Scrolls
 c - a scroll of remove curse
 d - a scroll of fog {unknown}
 f - a scroll of amnesia {unknown}
 g - 2 scrolls of fear {unknown}
 k - a scroll of immolation
 m - a scroll of blinking {unknown}
 n - a scroll of teleportation {unknown}
 o - 2 scrolls of enchant armour {unknown}
 p - a scroll of enchant weapon {unknown}
 t - a scroll of identify
Potions
 e - 3 potions of haste
 h - a potion of ambrosia
 i - 3 potions of lignification {unknown}
 r - a potion of cancellation {unknown}
Comestibles
 b - 7 rations


   Skills:
 + Level 2.7 Fighting
 + Level 4.1 Dodging
 * Level 3.8 Stealth
 * Level 3.4 Unarmed Combat
 + Level 2.6 Spellcasting
 - Level 4.0 Charms
 + Level 2.2 Translocations
 + Level 0.1 Evocations


You had 3 spell levels left.
You knew the following spells:

 Your Spells              Type           Power        Failure   Level  Hunger
a - Infusion              Chrm           ##..         4%          1    #......
b - Shroud of Golubria    Chrm/Tloc      ##....       10%         2    ###....
c - Song of Slaying       Chrm           ##......     6%          2    ###....

Your spell library contained the following spells:

 Spells                   Type           Power        Failure   Level  Hunger
 Regeneration             Chrm/Necr      #.........   28%         3    ###....
 Spectral Weapon          Hex/Chrm       Unusable     N/A         3    N/A

Dungeon Overview and Level Annotations

Branches:
Dungeon (4/15)
 Temple: D:4-7

Altars:
Dithmenos
Hepliaklqana
Kikubaaqudgha
Uskayaw
Wu Jian
Zin
The Shining One

Annotations:
D:3 Grinder


Innate Abilities, Weirdness & Mutations

You cannot wear armour.
You are incapable of wielding weapons or throwing items.
Your paws allow you to move quietly. (Stealth)
You have sharp claws.
You have razor-sharp teeth.
You have supernaturally acute eyesight. (SInv)
You are carnivorous and can eat meat at any time.
You cover ground quickly.
You are covered in fur. (AC +1)
You have a slow metabolism.
Your sharp claws are effective at attacking unaware monsters.
You are resistant to hostile enchantments. (MR+)


Message History

You scratch Grinder.
Grinder is heavily wounded.
Grinder gestures at you. You resist with almost no effort.
You scratch Grinder. You bite Grinder, but do no damage.
Grinder is heavily wounded.
Grinder gestures at you. You resist with almost no effort.
You scratch Grinder.
Grinder is heavily wounded.
Your shroud bends Grinder's attack away!
You scratch Grinder.
Grinder is severely wounded.
Your shroud begins to fray at the edges.
Grinder barely misses you.
You scratch Grinder but do no damage.
Grinder is severely wounded.
Grinder zaps a wand.
The puff of flame hits you!
Ouch! That really hurt!
You die...

#.......# #.......#
##### #.......#
#...######
#.......###........#
#..................#
#.........?........#
#.######...........#
#.# #...........#
#####.##
###..@......#
#......# #..5..#####
#......# #.....#
#..)...# #.....# #
#......#######.....#
#
#......##..........#
#########
#......##..........#
#....(..#
##.#..###......#####
#.......#
#.#..###..........#
#.......#


You could see Grinder.

Vanquished Creatures
  An orc priest (D:2)
  An orc wizard (D:2)
  Ijyb (D:3)
  6 adders
  2 oozes
  2 worms (D:2)
  2 adder skeletons
  2 dart slugs
  A leopard gecko (D:2)
  6 orcs
  2 ball pythons
  2 giant cockroaches
  8 goblins
  4 hobgoblins
  3 jackals (D:4)
  3 quokkas
  4 bats
  2 frilled lizards
  9 kobolds
  5 rats
66 creatures vanquished.

Notes
Turn   | Place    | Note
-------+----------+-------------------------------------------
     0 | D:1      | Descartes the Felid Skald began the quest for the Orb.
     0 | D:1      | Reached XP level 1. HP: 9/9 MP: 4/4
   285 | D:1      | Reached skill level 1 in Stealth
   309 | D:1      | Reached XP level 2. HP: 10/13 MP: 6/6
   376 | D:1      | Learned a level 2 spell: Shroud of Golubria
   379 | D:1      | Learned a level 2 spell: Song of Slaying
   840 | D:2      | Found an ornate altar of the Wu Jian Council.
   854 | D:2      | Found a glowing silver altar of Zin.
  1063 | D:2      | Found a hazy altar of Hepliaklqana.
  1154 | D:2      | Reached XP level 3. HP: 13/16 MP: 7/7
  1321 | D:2      | Found a shadowy altar of Dithmenos.
  1346 | D:2      | Found a glowing golden altar of the Shining One.
  1894 | D:2      | Reached skill level 1 in Translocations
  2030 | D:2      | Reached XP level 4. HP: 20/20 MP: 5/8
  2273 | D:3      | Noticed Grinder
  2359 | D:3      | Reached XP level 5. HP: 23/23 MP: 9/9
  2488 | D:3      | Noticed a +0 hand axe
  2489 | D:3      | Noticed a +0 hand axe
  2490 | D:3      | Found a hide-covered altar of Uskayaw.
  2954 | D:3      | Noticed Ijyb
  2990 | D:3      | Killed Ijyb
  3109 | D:3      | Gained mutation: You are frail. (-10% HP) [potion of
                  | mutation]
  3109 | D:3      | Gained mutation: You are resistant to hostile enchantments.
                  | (MR+) [potion of mutation]
  3109 | D:3      | Lost mutation: You are frail. (-10% HP) [potion of
                  | mutation]
  3655 | D:4      | Found an ancient bone altar of Kikubaaqudgha.
  3701 | D:4      | Noticed a phantom
  3784 | D:4      | Slain by a phantom
  3785 | D:4      | Reached XP level 4. HP: -1/20 MP: 2/8
  4112 | D:3      | Killed from afar by Grinder

Levels and vault maps discovered:
D:1:      minmay_arrival_diagonal_passages, layout_loops_cross
D:2:      cheibrodos_pilgrimage, layout_basic, lemuel_round_altar,
          grunt_temple_overflow_cloverleaf, minivault_5, kennysheep_path_1
D:3:      layout_basic, dancing_weapons_uskayaw, first_ration, uniq_grinder,
          uniq_ijyb
D:4:      minmay_razor_zed, layout_basic, nicolae_overflow_hidden_temple

Skill      XL: |  1  2  3  4  5 |
---------------+----------------+-----
Stealth        | 1 2 3 |  3.8
Translocations | 1 2 |  2.2
Unarmed Combat | 3 |  3.4
Charms         | 4 |  4.0
Dodging        | 4 |  4.1
Fighting       | |  2.7
Spellcasting   | |  2.6
Evocations     | |  0.1

Action                   |  1- 3 |  4- 6 || total
-------------------------+-------+-------++-------
Melee: Unarmed           |   116 |   160 ||   276
       Bite              |    11 |    13 ||    24
       Punch             |     3 |     3 ||     6
 Cast: Shroud of Golubri |     2 |    14 ||    16
       Infusion          |       |     5 ||     5
       Song of Slaying   |       |     1 ||     1
  Use: Scroll            |       |     5 ||     5
       Potion            |       |     1 ||     1
 Stab: Sleeping          |     3 |     2 ||     5
  Eat: Chunk             |     9 |     7 ||    16
Armor: Skin              |     4 |     2 ||     6
Dodge: Dodged            |    78 |   122 ||   200
